MINNESOTA vs BOSTON

Created - April 7, 2021 at 13:47

Goals
1 2 3 T
MINNESOTA 3 0 0 3
BOSTON 0 1 0 1
Shots
1 2 3 T
MINNESOTA 10 9 4 23
BOSTON 8 14 9 31

1st period

1. MINNESOTA , Mats Zuccarello 9 (Kyle Connor 20, John Tavares 19) at 4:56 (PP)
2. MINNESOTA , Nikita Kucherov 25 (Erik Karlsson 27) at 8:28
3. MINNESOTA , Mats Zuccarello 10 (Zach Hyman 12, Tomas Hertl 26) at 17:30

Penalties :
Philippe Myers (BOS) for Elbowing (Minor) at 3:11, Alexandre Texier (BOS) for Slashing (Minor) at 18:20

2nd period

4. BOSTON , Reilly Smith 17 (Miro Heiskanen 25, Ivan Provorov 23) at 13:54 (PP)

Penalties :
Tanner Pearson (MIN) for Slashing (Minor) at 12:06

3rd period

No Goal

Penalties :
Nikita Kucherov (MIN) for Tripping (Minor) at 11:16

Goalie Stats

Andrei Vasilevskiy (MIN), 30 saves from 31 shots - (0.968), W, 22-14-2, 60:00 minutes
Thatcher Demko (BOS), 20 saves from 23 shots - (0.870), L, 12-8-2, 60:00 minutes

Players Stats for MINNESOTA

Player Name              G  A  P  +/- PIM S  H  SB GA TA FO     MP     PP MP  PK MP  
------------------------------------------------------------------------------------
Brett Kulak              0  0  0   1  0   0  1  0  0  0  0/0    16:39   0:16   2:11 
Colin White              0  0  0   0  0   1  1  0  0  0  7/11   11:16   0:00   0:00 
Dominik Kahun            0  0  0   0  0   1  0  0  0  0  0/0    11:32   0:16   0:00 
Erik Karlsson            0  1  1   1  0   0  1  2  0  0  0/0    21:36   1:33   1:36 
Johan Larsson            0  0  0   0  0   0  0  0  0  0  6/14    8:14   0:00   2:55 
John Tavares             0  1  1   1  0   2  0  0  0  0  16/24  21:42   1:45   0:00 
Kyle Connor              0  1  1   1  0   0  2  0  0  0  0/1    21:42   1:45   0:00 
Mark Giordano            0  0  0   1  0   1  2  0  0  0  0/0    26:03   1:33   1:36 
Mats Zuccarello          2  0  2   1  0   5  0  0  0  0  0/0    18:34   1:45   0:52 
Matt Calvert             0  0  0   0  0   0  3  0  0  0  0/2     8:14   0:00   2:55 
Nikita Kucherov          1  0  1   1  2   4  1  0  0  0  0/0    21:51   1:55   0:00 
Niklas Hjalmarsson       0  0  0   0  0   2  1  1  0  0  0/0    17:50   0:16   2:11 
Oliver Ekman-Larsson     0  0  0   0  0   0  3  0  0  0  0/0    15:23   0:00   0:00 
Tanner Pearson           0  0  0   0  2   2  1  0  0  0  0/0    12:58   1:43   0:00 
Tomas Hertl              0  1  1   1  0   3  1  0  0  0  14/25  18:48   1:59   0:52 
Torey Krug               0  0  0   1  0   1  5  1  0  0  0/0    20:34   1:55   0:00 
William Carrier          0  0  0   0  0   0  0  0  0  0  0/0     5:19   0:00   0:00 
Zach Hyman               0  1  1   1  0   1  1  0  0  0  1/2    17:56   1:59   0:00 

Players Stats for BOSTON

Player Name              G  A  P  +/- PIM S  H  SB GA TA FO     MP     PP MP  PK MP  
------------------------------------------------------------------------------------
Alec Martinez            0  0  0   0  0   2  1  1  0  0  0/0    20:08   1:56   1:06 
Aleksi Saarela           0  0  0   0  0   0  0  0  0  0  0/0     0:00   0:00   0:00 
Alexandre Texier         0  0  0   0  2   0  0  0  0  0  2/6     4:11   0:00   0:00 
Andrew Mangiapane        0  0  0  -1  0   1  5  0  0  0  0/0    15:07   0:00   0:00 
Blake Comeau             0  0  0   0  0   1  1  0  0  0  0/0    18:47   2:05   0:00 
Casey Mittelstadt        0  0  0  -1  0   0  0  0  0  0  7/18   15:07   0:00   0:00 
Filip Hronek             0  0  0   0  0   1  1  0  0  0  0/0    20:08   1:56   1:06 
Ilya Kovalchuk           0  0  0   0  0   2  1  0  0  0  1/1    19:34   2:05   0:47 
Ivan Barbashev           0  0  0   0  0   1  2  0  0  0  15/25  18:47   2:05   0:00 
Ivan Provorov            0  1  1   0  0   1  0  1  0  0  0/0    24:56   1:51   2:38 
Juuso Valimaki           0  0  0  -2  0   1  0  1  0  0  0/0    14:56   0:00   0:00 
Kevin Fiala              0  0  0  -1  0   2  0  0  0  0  0/2    18:57   1:42   0:47 
Miles Wood               0  0  0  -1  0   5  0  0  0  0  0/0    15:07   0:00   0:00 
Miro Heiskanen           0  1  1   0  0   3  1  1  0  0  0/0    24:56   1:51   2:38 
Nicolas Roy              0  0  0   0  0   0  0  0  0  0  0/0     0:00   0:00   0:00 
Philippe Myers           0  0  0  -2  2   0  1  1  0  0  0/0    14:55   0:00   0:00 
Reilly Smith             1  0  1  -1  0   7  1  1  0  0  3/7    25:19   1:42   2:57 
Victor Olofsson          0  0  0   0  0   0  0  0  0  0  0/0     4:12   0:00   0:00 
William Nylander         0  0  0  -1  0   4  0  0  0  0  7/20   21:07   1:42   2:57 

3 Stars

1 - Mats Zuccarello (MIN)
2 - Andrei Vasilevskiy (MIN)
3 - Kyle Connor (MIN)

Power Play

MINNESOTA - 1 on 2 Attempt(s) - 50.00%
BOSTON - 1 on 2 Attempt(s) - 50.00%

Penalty Kill

MINNESOTA - 1 on 2 Attempt(s) - 50.00% - Score 0 goal in Penalty Kill
BOSTON - 1 on 2 Attempt(s) - 50.00% - Score 0 goal in Penalty Kill

Team Stat

MINNESOTA - Hits : 23 - Faceoff Wins : 44 - Blocked Shots : 4 - Penalty Minutes : 4
BOSTON - Hits : 14 - Faceoff Wins : 35 - Blocked Shots : 6 - Penalty Minutes : 4

Official

Referees : Dan O'Halloran and Michael Healy
Linesman : Brad Caille and Neil Campbell

Game Notes

No Game Note

Finance

Level 1 -- Attendance: 5705 (95.08%) -- Ticket Income $456,400
Level 2 -- Attendance: 4335 (86.70%) -- Ticket Income $238,425
Level 3 -- Attendance: 1744 (87.20%) -- Ticket Income $61,040
Level 4 -- Attendance: 3821 (95.53%) -- Ticket Income $64,957
Luxury Box -- Attendance: 1000 (100.00%) -- Ticket Income $180,000
Game was played at the TD Garden.
Total Attendance: 16605 (92.25%)
Total Ticket Income: $1,000,822
Total Income: $1,000,822

MINNESOTA

5 vs 5 Forward 
   Center                   Left Wing                Right Wing               Time % Phy DF OF 
 1 John Tavares             Kyle Connor              Nikita Kucherov          37     0   2  3  
 2 Tomas Hertl              Mats Zuccarello          Zach Hyman               33     1   2  2  
 3 Colin White              Tanner Pearson           Dominik Kahun            20     1   2  2  
 4 Johan Larsson            William Carrier          Matt Calvert             10     2   2  1  

5 vs 5 Defense 
   Defense                  Defense                                           Time % Phy DF OF 
 1 Mark Giordano            Erik Karlsson                                     38     1   2  2  
 2 Oliver Ekman-Larsson     Niklas Hjalmarsson                                27     1   2  2  
 3 Brett Kulak              Torey Krug                                        25     1   2  2  
 4 Torey Krug               Mark Giordano                                     10     0   2  3  

PowerPlay Forward 
   Center                   Left Wing                Right Wing               Time % Phy DF OF 
 1 John Tavares             Mats Zuccarello          Kyle Connor              60     0   0  5  
 2 Tomas Hertl              Zach Hyman               Tanner Pearson           40     1   0  4  

PowerPlay Defense
   Defense                  Defense                                           Time % Phy DF OF 
 1 Torey Krug               Nikita Kucherov                                   60     0   1  4  
 2 Erik Karlsson            Mark Giordano                                     40     1   1  3  

Penalty Kill 4 Players Forward 
   Center                   Wing                     Time % Phy DF OF 
 1 Johan Larsson            Matt Calvert             60     1   4  0  
 2 Tomas Hertl              Mats Zuccarello          40     1   3  1  

Penalty Kill 4 Players Defense
   Defense                  Defense                  Time % Phy DF OF 
 1 Mark Giordano            Erik Karlsson            60     1   3  1  
 2 Niklas Hjalmarsson       Brett Kulak              40     1   4  0  

Penalty Kill - 3 Players Forward 
   Forward                                           Time % Phy DF OF 
 1 Johan Larsson                                     60     1   4  0  
 2 Matt Calvert                                      40     1   4  0  

Penalty Kill - 3 Players Defense
   Defense                  Defense                  Time % Phy DF OF 
 1 Mark Giordano            Niklas Hjalmarsson       60     1   4  0  
 2 Oliver Ekman-Larsson     Mats Zuccarello          40     1   4  0  

4 vs 4 Forward 
   Center                   Wing                     Time % Phy DF OF 
 1 John Tavares             Nikita Kucherov          60     1   2  2  
 2 Tomas Hertl              Kyle Connor              40     1   1  3  

4 vs 4 Defense
   Defense                  Defense                  Time % Phy DF OF 
 1 Mark Giordano            Torey Krug               60     1   2  2  
 2 Oliver Ekman-Larsson     Erik Karlsson            40     1   2  2  

Last Minutes Offensive
   Center                   Left Wing                Right Wing               Defense                  Defense                  
   Tomas Hertl              Kyle Connor              Nikita Kucherov          Torey Krug               Erik Karlsson            

Last Minutes Defensive
   Center                   Left Wing                Right Wing               Defense                  Defense                  
   Tomas Hertl              Tanner Pearson           Matt Calvert             Mark Giordano            Niklas Hjalmarsson       

Goaltenders
Starting : Andrei Vasilevskiy       
Backup : Gilles Senn              

Extra Forwards
Normal : Tomas Hertl, Zach Hyman, Nikita Kucherov - PP : Zach Hyman, Nikita Kucherov - PK : Tomas Hertl
Extra Defensemen
Normal : Oliver Ekman-Larsson, Erik Karlsson, Mark Giordano - PP : Torey Krug - PK : Niklas Hjalmarsson, Mark Giordano
Penalty Shots
Nikita Kucherov, Mats Zuccarello, Kyle Connor, Tomas Hertl, Tanner Pearson

Scratches
MIN Cap Hit (Healthy)

BOSTON

5 vs 5 Forward 
   Center                   Left Wing                Right Wing               Time % Phy DF OF 
 1 William Nylander         Reilly Smith             Kevin Fiala              35     1   2  2  
 2 Ivan Barbashev           Ilya Kovalchuk           Blake Comeau             30     1   2  2  
 3 Casey Mittelstadt        Andrew Mangiapane        Miles Wood               25     1   2  2  
 4 Alexandre Texier         Victor Olofsson          Reilly Smith             10     1   2  2  

5 vs 5 Defense 
   Defense                  Defense                                           Time % Phy DF OF 
 1 Ivan Provorov            Miro Heiskanen                                    35     1   2  2  
 2 Alec Martinez            Filip Hronek                                      30     1   2  2  
 3 Philippe Myers           Juuso Valimaki                                    25     1   2  2  
 4 Ivan Provorov            Miro Heiskanen                                    10     1   2  2  

PowerPlay Forward 
   Center                   Left Wing                Right Wing               Time % Phy DF OF 
 1 William Nylander         Reilly Smith             Kevin Fiala              60     1   2  2  
 2 Ivan Barbashev           Ilya Kovalchuk           Blake Comeau             40     1   2  2  

PowerPlay Defense
   Defense                  Defense                                           Time % Phy DF OF 
 1 Ivan Provorov            Miro Heiskanen                                    60     1   2  2  
 2 Alec Martinez            Filip Hronek                                      40     1   2  2  

Penalty Kill 4 Players Forward 
   Center                   Wing                     Time % Phy DF OF 
 1 Reilly Smith             William Nylander         60     1   2  2  
 2 Kevin Fiala              Ilya Kovalchuk           40     1   2  2  

Penalty Kill 4 Players Defense
   Defense                  Defense                  Time % Phy DF OF 
 1 Ivan Provorov            Miro Heiskanen           60     1   2  2  
 2 Alec Martinez            Filip Hronek             40     1   2  2  

Penalty Kill - 3 Players Forward 
   Forward                                           Time % Phy DF OF 
 1 Reilly Smith                                      60     1   2  2  
 2 William Nylander                                  40     1   2  2  

Penalty Kill - 3 Players Defense
   Defense                  Defense                  Time % Phy DF OF 
 1 Ivan Provorov            Miro Heiskanen           60     1   2  2  
 2 Alec Martinez            Filip Hronek             40     1   2  2  

4 vs 4 Forward 
   Center                   Wing                     Time % Phy DF OF 
 1 Reilly Smith             William Nylander         60     1   2  2  
 2 Kevin Fiala              Ilya Kovalchuk           40     1   2  2  

4 vs 4 Defense
   Defense                  Defense                  Time % Phy DF OF 
 1 Ivan Provorov            Miro Heiskanen           60     1   2  2  
 2 Alec Martinez            Filip Hronek             40     1   2  2  

Last Minutes Offensive
   Center                   Left Wing                Right Wing               Defense                  Defense                  
   William Nylander         Reilly Smith             Kevin Fiala              Ivan Provorov            Miro Heiskanen           

Last Minutes Defensive
   Center                   Left Wing                Right Wing               Defense                  Defense                  
   William Nylander         Reilly Smith             Kevin Fiala              Ivan Provorov            Miro Heiskanen           

Goaltenders
Starting : Thatcher Demko           
Backup : Martin Jones             

Extra Forwards
Normal : Nicolas Roy, Aleksi Saarela, Andrew Mangiapane - PP : Nicolas Roy, Aleksi Saarela - PK : Andrew Mangiapane
Extra Defensemen
Normal : Philippe Myers, Juuso Valimaki, Alec Martinez - PP : Philippe Myers - PK : Juuso Valimaki, Alec Martinez
Penalty Shots
Reilly Smith, William Nylander, Kevin Fiala, Ilya Kovalchuk, Blake Comeau

Scratches
Filip Zadina (Healthy), BOS Cap Hit (Suspend), Robert Hagg (Healthy), Charlie Lindgren (Healthy)

% Time on Ice - MINNESOTA

Lines # - Real PCT - Wanted PCT - Time Play
Normal Forward
1 - 38% - 37% - 19:57
2 - 30% - 33% - 15:57
3 - 21% - 20% - 11:16
4 - 10% - 10% - 5:19
Normal Defense
1 - 35% - 38% - 18:27
2 - 29% - 27% - 15:23
3 - 26% - 25% - 13:33
4 - 10% - 10% - 5:06
PP Forward
1 - 47% - 60% - 1:45
2 - 53% - 40% - 1:59
PP Defense
1 - 51% - 60% - 1:55
2 - 49% - 40% - 1:49
PK Forward
1 - 77% - 60% - 2:55
2 - 23% - 40% - 0:52
PK Defense
1 - 42% - 60% - 1:36
2 - 58% - 40% - 2:11
PK3 Forward
1 - 0% - 60%
2 - 0% - 40%
PK3 Defense
1 - 0% - 60%
2 - 0% - 40%
44 Forward
1 - 0% - 60%
2 - 0% - 40%
44 Defense
1 - 0% - 60%
2 - 0% - 40%
Last Minute Offensive  - 0:00
Last Minute Defensive  - 0:00
Total
Forward - 60:00
Defense - 60:00

% Time on Ice - BOSTON

Lines # - Real PCT - Wanted PCT - Time Play
Normal Forward
1 - 31% - 35% - 16:28
2 - 32% - 30% - 16:42
3 - 29% - 25% - 15:07
4 - 8% - 10% - 4:12
Normal Defense
1 - 32% - 35% - 16:58
2 - 33% - 30% - 17:06
3 - 28% - 25% - 14:56
4 - 7% - 10% - 3:29
PP Forward
1 - 45% - 60% - 1:42
2 - 55% - 40% - 2:05
PP Defense
1 - 49% - 60% - 1:51
2 - 51% - 40% - 1:56
PK Forward
1 - 79% - 60% - 2:57
2 - 21% - 40% - 0:47
PK Defense
1 - 71% - 60% - 2:38
2 - 29% - 40% - 1:06
PK3 Forward
1 - 0% - 60%
2 - 0% - 40%
PK3 Defense
1 - 0% - 60%
2 - 0% - 40%
44 Forward
1 - 0% - 60%
2 - 0% - 40%
44 Defense
1 - 0% - 60%
2 - 0% - 40%
Last Minute Offensive  - 0:00
Last Minute Defensive  - 0:00
Total
Forward - 60:00
Defense - 60:00

Play-by-Play

1st period


0:01 of 1st period - John Tavares wins face-off versus William Nylander in neutral zone.
0:04 of 1st period - Shot by Nikita Kucherov.
0:04 of 1st period - Stopped by Thatcher Demko without a rebound.
0:05 of 1st period - Tomas Hertl wins face-off versus Ivan Barbashev in BOSTON zone.
0:37 of 1st period - Icing by Niklas Hjalmarsson.
0:38 of 1st period - Casey Mittelstadt wins face-off versus Tomas Hertl in MINNESOTA zone.
0:51 of 1st period - Shot by Miles Wood.
0:51 of 1st period - Shot Misses the Net.
1:38 of 1st period - Shot by Kevin Fiala.
1:38 of 1st period - Stopped by Andrei Vasilevskiy with a rebound.
1:50 of 1st period - Shot by Ivan Provorov.
1:50 of 1st period - Shot Misses the Net.
1:52 of 1st period - Shot by Miro Heiskanen.
1:52 of 1st period - Stopped by Andrei Vasilevskiy with a rebound.
2:52 of 1st period - Shot by Dominik Kahun.
2:52 of 1st period - Deflect By Tanner Pearson.
2:52 of 1st period - Shot Misses the Net.
3:07 of 1st period - Off-side.
3:08 of 1st period - Johan Larsson wins face-off versus Casey Mittelstadt in neutral zone.
3:10 of 1st period - Matt Calvert is hit by Philippe Myers.
3:11 of 1st period - Minor Penalty to Philippe Myers for Elbowing.
3:12 of 1st period - Reilly Smith wins face-off versus Tomas Hertl in BOSTON zone.
3:35 of 1st period - Shot by Erik Karlsson.
3:35 of 1st period - Shot Blocked by Ivan Provorov.
3:37 of 1st period - Shot by Mark Giordano.
3:37 of 1st period - Shot Blocked by Miro Heiskanen.
4:36 of 1st period - Shot by Niklas Hjalmarsson.
4:36 of 1st period - Stopped by Thatcher Demko without a rebound.
4:37 of 1st period - John Tavares wins face-off versus Reilly Smith in BOSTON zone.
4:46 of 1st period - Shot by Erik Karlsson.
4:46 of 1st period - Shot Misses the Net.
4:56 of 1st period - Shot by Mats Zuccarello.
4:56 of 1st period - Goal by Mats Zuccarello - MINNESOTA : 1 - BOSTON : 0.
4:57 of 1st period - Casey Mittelstadt wins face-off versus Johan Larsson in neutral zone.
5:58 of 1st period - Shot by Tanner Pearson.
5:58 of 1st period - Deflect By Colin White.
5:58 of 1st period - Stopped by Thatcher Demko without a rebound.
5:59 of 1st period - Tomas Hertl wins face-off versus William Nylander in BOSTON zone.
6:29 of 1st period - Shot by Kevin Fiala.
6:29 of 1st period - Shot Blocked by Erik Karlsson.
6:36 of 1st period - Kevin Fiala is hit by Erik Karlsson and loses puck.
6:39 of 1st period - Shot by Reilly Smith.
6:39 of 1st period - Deflect By William Nylander.
6:39 of 1st period - Stopped by Andrei Vasilevskiy without a rebound.
6:40 of 1st period - Ivan Barbashev wins face-off versus John Tavares in MINNESOTA zone.
6:41 of 1st period - Shot by Ilya Kovalchuk.
6:41 of 1st period - Shot Misses the Net.
6:43 of 1st period - Shot by Ivan Barbashev.
6:43 of 1st period - Shot Misses the Net.
6:51 of 1st period - Shot by Alec Martinez.
6:51 of 1st period - Stopped by Andrei Vasilevskiy without a rebound.
6:52 of 1st period - Ivan Barbashev wins face-off versus Colin White in MINNESOTA zone.
7:25 of 1st period - Icing by Niklas Hjalmarsson.
7:26 of 1st period - William Nylander wins face-off versus Colin White in MINNESOTA zone.
8:13 of 1st period - Reilly Smith is hit by Mark Giordano and loses puck.
8:28 of 1st period - Shot by Nikita Kucherov.
8:28 of 1st period - Goal by Nikita Kucherov - MINNESOTA : 2 - BOSTON : 0.
8:29 of 1st period - Ivan Barbashev wins face-off versus Tomas Hertl in neutral zone.
8:31 of 1st period - Alec Martinez is hit by Brett Kulak and loses puck.
9:19 of 1st period - Icing by Brett Kulak.
9:20 of 1st period - Tomas Hertl wins face-off versus Casey Mittelstadt in MINNESOTA zone.
10:32 of 1st period - Off-side.
10:33 of 1st period - Colin White wins face-off versus Ivan Barbashev in neutral zone.
11:43 of 1st period - Off-side.
11:44 of 1st period - John Tavares wins face-off versus Casey Mittelstadt in neutral zone.
11:53 of 1st period - John Tavares is hit by Andrew Mangiapane and loses puck.
12:47 of 1st period - Reilly Smith is hit by Torey Krug and loses puck.
12:53 of 1st period - Reilly Smith is hit by Torey Krug and loses puck.
13:10 of 1st period - Shot by Kevin Fiala.
13:10 of 1st period - Shot Misses the Net.
15:02 of 1st period - Shot by Miles Wood.
15:02 of 1st period - Stopped by Andrei Vasilevskiy without a rebound.
15:03 of 1st period - John Tavares wins face-off versus William Nylander in MINNESOTA zone.
15:13 of 1st period - Shot by John Tavares.
15:13 of 1st period - Stopped by Thatcher Demko without a rebound.
15:14 of 1st period - Colin White wins face-off versus Ivan Barbashev in BOSTON zone.
15:41 of 1st period - Alec Martinez is hit by Tanner Pearson.
16:35 of 1st period - Miles Wood is hit by Oliver Ekman-Larsson and loses puck.
16:45 of 1st period - Icing by Niklas Hjalmarsson.
16:46 of 1st period - John Tavares wins face-off versus William Nylander in MINNESOTA zone.
17:26 of 1st period - Shot by Zach Hyman.
17:26 of 1st period - Shot Blocked by Philippe Myers.
17:28 of 1st period - Shot by Zach Hyman.
17:28 of 1st period - Shot Misses the Net.
17:30 of 1st period - Shot by Mats Zuccarello.
17:30 of 1st period - Goal by Mats Zuccarello - MINNESOTA : 3 - BOSTON : 0.
17:31 of 1st period - Ivan Barbashev wins face-off versus Johan Larsson in neutral zone.
17:54 of 1st period - Shot by Ilya Kovalchuk.
17:54 of 1st period - Stopped by Andrei Vasilevskiy without a rebound.
17:55 of 1st period - Tomas Hertl wins face-off versus Casey Mittelstadt in MINNESOTA zone.
18:06 of 1st period - Shot by Miles Wood.
18:06 of 1st period - Stopped by Andrei Vasilevskiy without a rebound.
18:07 of 1st period - Alexandre Texier wins face-off versus John Tavares in MINNESOTA zone.
18:07 of 1st period - Miro Heiskanen is hit by Mark Giordano and loses puck.
18:20 of 1st period - Minor Penalty to Alexandre Texier for Slashing.
18:21 of 1st period - Tomas Hertl wins face-off versus Reilly Smith in BOSTON zone.
18:21 of 1st period - Tomas Hertl is hit by Filip Hronek.
18:27 of 1st period - Shot by Zach Hyman.
18:27 of 1st period - Stopped by Thatcher Demko with a rebound.
18:37 of 1st period - Shot by Tomas Hertl.
18:37 of 1st period - Shot Misses the Net.
18:51 of 1st period - Shot by Tomas Hertl.
18:51 of 1st period - Shot Hit the Post.
19:02 of 1st period - Icing by Torey Krug.
19:03 of 1st period - Reilly Smith wins face-off versus Tomas Hertl in MINNESOTA zone.
19:06 of 1st period - Shot by William Nylander.
19:06 of 1st period - Stopped by Andrei Vasilevskiy with a rebound.
19:28 of 1st period - Shot by Mark Giordano.
19:28 of 1st period - Shot Misses the Net.
19:46 of 1st period - Shot by Mark Giordano.
19:46 of 1st period - Stopped by Thatcher Demko with a rebound.
19:48 of 1st period - Shot by Erik Karlsson.
19:48 of 1st period - Shot Misses the Net.
19:50 of 1st period - Shot by Mats Zuccarello.
19:50 of 1st period - Deflect By John Tavares.
19:50 of 1st period - Shot Misses the Net.
19:52 of 1st period - Shot by Erik Karlsson.
19:52 of 1st period - Shot Misses the Net.
19:54 of 1st period - Shot by Kyle Connor.
19:54 of 1st period - Shot Misses the Net.
19:56 of 1st period - Shot by John Tavares.
19:56 of 1st period - Stopped by Thatcher Demko without a rebound.
19:57 of 1st period - John Tavares wins face-off versus Kevin Fiala in BOSTON zone.
Goals for this period are 3 for MINNESOTA vs 0 for BOSTON.
Shots for this period are 10 for MINNESOTA vs 8 for BOSTON.

2nd period


0:01 of 2nd period - John Tavares wins face-off versus Reilly Smith in neutral zone.
0:06 of 2nd period - Shot by Mats Zuccarello.
0:06 of 2nd period - Stopped by Thatcher Demko with a rebound.
0:10 of 2nd period - Shot by Torey Krug.
0:10 of 2nd period - Stopped by Thatcher Demko without a rebound.
0:11 of 2nd period - Reilly Smith wins face-off versus Tomas Hertl in BOSTON zone.
1:35 of 2nd period - Shot by Reilly Smith.
1:35 of 2nd period - Stopped by Andrei Vasilevskiy without a rebound.
1:36 of 2nd period - Tomas Hertl wins face-off versus Casey Mittelstadt in MINNESOTA zone.
1:36 of 2nd period - Tomas Hertl is hit by Andrew Mangiapane.
1:48 of 2nd period - Shot by Mats Zuccarello.
1:48 of 2nd period - Shot Misses the Net.
1:56 of 2nd period - Alec Martinez is hit by Torey Krug and loses puck.
1:59 of 2nd period - Shot by Miles Wood.
1:59 of 2nd period - Stopped by Andrei Vasilevskiy without a rebound.
2:00 of 2nd period - John Tavares wins face-off versus Alexandre Texier in MINNESOTA zone.
2:13 of 2nd period - Icing by Ivan Provorov.
2:14 of 2nd period - Colin White wins face-off versus Alexandre Texier in BOSTON zone.
2:29 of 2nd period - Shot by Alexandre Texier.
2:29 of 2nd period - Shot Misses the Net.
2:31 of 2nd period - Shot by Miro Heiskanen.
2:31 of 2nd period - Stopped by Andrei Vasilevskiy without a rebound.
2:32 of 2nd period - John Tavares wins face-off versus Casey Mittelstadt in MINNESOTA zone.
3:15 of 2nd period - Casey Mittelstadt is hit by Kyle Connor and loses puck.
3:30 of 2nd period - Shot by Reilly Smith.
3:30 of 2nd period - Stopped by Andrei Vasilevskiy without a rebound.
3:31 of 2nd period - Tomas Hertl wins face-off versus William Nylander in MINNESOTA zone.
3:31 of 2nd period - Tomas Hertl is hit by Reilly Smith.
4:04 of 2nd period - Shot by Mats Zuccarello.
4:04 of 2nd period - Stopped by Thatcher Demko without a rebound.
4:05 of 2nd period - Colin White wins face-off versus Ivan Barbashev in BOSTON zone.
4:24 of 2nd period - Shot by Tanner Pearson.
4:24 of 2nd period - Shot Misses the Net.
4:47 of 2nd period - Mark Giordano is hit by Ivan Barbashev and loses puck.
5:12 of 2nd period - Shot by Reilly Smith.
5:12 of 2nd period - Shot Misses the Net.
5:14 of 2nd period - Shot by Victor Olofsson.
5:14 of 2nd period - Deflect By Reilly Smith.
5:14 of 2nd period - Stopped by Andrei Vasilevskiy without a rebound.
5:15 of 2nd period - Casey Mittelstadt wins face-off versus John Tavares in MINNESOTA zone.
5:42 of 2nd period - Shot by Kyle Connor.
5:42 of 2nd period - Deflect By John Tavares.
5:42 of 2nd period - Shot Misses the Net.
5:44 of 2nd period - Shot by John Tavares.
5:44 of 2nd period - Shot Blocked by Alec Martinez.
6:31 of 2nd period - Reilly Smith is hit by Oliver Ekman-Larsson and loses puck.
7:24 of 2nd period - Icing by Miro Heiskanen.
7:25 of 2nd period - William Nylander wins face-off versus Colin White in BOSTON zone.
7:29 of 2nd period - Kevin Fiala is hit by Torey Krug and loses puck.
9:04 of 2nd period - Shot by Alec Martinez.
9:04 of 2nd period - Shot Misses the Net.
9:36 of 2nd period - Niklas Hjalmarsson is hit by Andrew Mangiapane and loses puck.
10:05 of 2nd period - Icing by Oliver Ekman-Larsson.
10:06 of 2nd period - John Tavares wins face-off versus Alexandre Texier in MINNESOTA zone.
10:33 of 2nd period - Shot by Tomas Hertl.
10:33 of 2nd period - Stopped by Thatcher Demko without a rebound.
10:34 of 2nd period - Ivan Barbashev wins face-off versus Matt Calvert in BOSTON zone.
10:34 of 2nd period - Philippe Myers is hit by Matt Calvert and loses puck.
10:46 of 2nd period - Icing by Juuso Valimaki.
10:47 of 2nd period - Ivan Barbashev wins face-off versus Tomas Hertl in BOSTON zone.
10:47 of 2nd period - Ivan Barbashev is hit by Zach Hyman.
11:10 of 2nd period - Shot by Ilya Kovalchuk.
11:10 of 2nd period - Shot Misses the Net.
11:12 of 2nd period - Shot by Juuso Valimaki.
11:12 of 2nd period - Stopped by Andrei Vasilevskiy with a rebound.
11:19 of 2nd period - Icing by Mark Giordano.
11:20 of 2nd period - William Nylander wins face-off versus Zach Hyman in MINNESOTA zone.
11:23 of 2nd period - Shot by Kevin Fiala.
11:23 of 2nd period - Deflect By William Nylander.
11:23 of 2nd period - Shot Misses the Net.
11:29 of 2nd period - Shot by Reilly Smith.
11:29 of 2nd period - Shot Misses the Net.
12:06 of 2nd period - Minor Penalty to Tanner Pearson for Slashing.
12:07 of 2nd period - Johan Larsson wins face-off versus Ivan Barbashev in MINNESOTA zone.
12:20 of 2nd period - Shot by Ilya Kovalchuk.
12:20 of 2nd period - Shot Misses the Net.
12:29 of 2nd period - Icing by Ivan Barbashev.
12:30 of 2nd period - Ivan Barbashev wins face-off versus Johan Larsson in BOSTON zone.
12:34 of 2nd period - Off-side.
12:35 of 2nd period - Johan Larsson wins face-off versus William Nylander in neutral zone.
12:58 of 2nd period - Shot by Reilly Smith.
12:58 of 2nd period - Stopped by Andrei Vasilevskiy without a rebound.
12:59 of 2nd period - Ivan Barbashev wins face-off versus Johan Larsson in MINNESOTA zone.
13:31 of 2nd period - Shot by Filip Hronek.
13:31 of 2nd period - Stopped by Andrei Vasilevskiy without a rebound.
13:32 of 2nd period - William Nylander wins face-off versus Johan Larsson in MINNESOTA zone.
13:54 of 2nd period - Shot by Reilly Smith.
13:54 of 2nd period - Goal by Reilly Smith - MINNESOTA : 3 - BOSTON : 1.
13:55 of 2nd period - Casey Mittelstadt wins face-off versus John Tavares in neutral zone.
14:27 of 2nd period - Shot by Andrew Mangiapane.
14:27 of 2nd period - Stopped by Andrei Vasilevskiy without a rebound.
14:28 of 2nd period - Tomas Hertl wins face-off versus Ivan Barbashev in MINNESOTA zone.
14:35 of 2nd period - Shot by Mats Zuccarello.
14:35 of 2nd period - Stopped by Thatcher Demko without a rebound.
14:36 of 2nd period - Tomas Hertl wins face-off versus Reilly Smith in BOSTON zone.
14:47 of 2nd period - Shot by Zach Hyman.
14:47 of 2nd period - Shot Misses the Net.
14:52 of 2nd period - Ivan Provorov is hit by Torey Krug and loses puck.
15:01 of 2nd period - Shot by Ivan Provorov.
15:01 of 2nd period - Stopped by Andrei Vasilevskiy without a rebound.
15:02 of 2nd period - Ivan Barbashev wins face-off versus Kyle Connor in MINNESOTA zone.
15:30 of 2nd period - Shot by John Tavares.
15:30 of 2nd period - Shot Misses the Net.
15:40 of 2nd period - Shot by Ivan Barbashev.
15:40 of 2nd period - Deflect By Ilya Kovalchuk.
15:40 of 2nd period - Stopped by Andrei Vasilevskiy without a rebound.
15:41 of 2nd period - William Nylander wins face-off versus Tomas Hertl in MINNESOTA zone.
16:11 of 2nd period - Icing by Miro Heiskanen.
16:12 of 2nd period - Colin White wins face-off versus William Nylander in BOSTON zone.
16:28 of 2nd period - Icing by Ivan Provorov.
16:29 of 2nd period - John Tavares wins face-off versus William Nylander in BOSTON zone.
16:32 of 2nd period - Shot by Nikita Kucherov.
16:32 of 2nd period - Shot Misses the Net.
17:03 of 2nd period - Shot by Nikita Kucherov.
17:03 of 2nd period - Stopped by Thatcher Demko without a rebound.
17:04 of 2nd period - Casey Mittelstadt wins face-off versus Tomas Hertl in BOSTON zone.
17:40 of 2nd period - Icing by Mats Zuccarello.
17:41 of 2nd period - Tomas Hertl wins face-off versus Ivan Barbashev in MINNESOTA zone.
17:41 of 2nd period - Tomas Hertl is hit by Blake Comeau.
18:37 of 2nd period - Shot by Reilly Smith.
18:37 of 2nd period - Shot Misses the Net.
18:39 of 2nd period - Shot by Alec Martinez.
18:39 of 2nd period - Stopped by Andrei Vasilevskiy with a rebound.
18:41 of 2nd period - Shot by William Nylander.
18:41 of 2nd period - Stopped by Andrei Vasilevskiy without a rebound.
18:42 of 2nd period - Colin White wins face-off versus Casey Mittelstadt in MINNESOTA zone.
18:42 of 2nd period - Colin White is hit by Andrew Mangiapane.
18:52 of 2nd period - Shot by Colin White.
18:52 of 2nd period - Deflect By Dominik Kahun.
18:52 of 2nd period - Stopped by Thatcher Demko with a rebound.
19:02 of 2nd period - Shot by Colin White.
19:02 of 2nd period - Shot Blocked by Juuso Valimaki.
19:04 of 2nd period - Shot by Tanner Pearson.
19:04 of 2nd period - Stopped by Thatcher Demko with a rebound.
19:06 of 2nd period - Shot by Tanner Pearson.
19:06 of 2nd period - Stopped by Thatcher Demko without a rebound.
19:07 of 2nd period - William Nylander wins face-off versus Johan Larsson in BOSTON zone.
19:13 of 2nd period - Icing by Kevin Fiala.
19:14 of 2nd period - John Tavares wins face-off versus William Nylander in BOSTON zone.
19:47 of 2nd period - Shot by William Nylander.
19:47 of 2nd period - Shot Blocked by Erik Karlsson.
Goals for this period are 0 for MINNESOTA vs 1 for BOSTON.
Shots for this period are 9 for MINNESOTA vs 14 for BOSTON.

3rd period


0:01 of 3rd period - Zach Hyman wins face-off versus William Nylander in neutral zone.
0:10 of 3rd period - Icing by Ivan Provorov.
0:11 of 3rd period - John Tavares wins face-off versus William Nylander in BOSTON zone.
0:33 of 3rd period - Kyle Connor is hit by Miro Heiskanen and loses puck.
0:53 of 3rd period - Icing by Nikita Kucherov.
0:54 of 3rd period - Ivan Barbashev wins face-off versus John Tavares in MINNESOTA zone.
0:57 of 3rd period - Shot by Alec Martinez.
0:57 of 3rd period - Shot Blocked by Torey Krug.
1:01 of 3rd period - Shot by Ivan Barbashev.
1:01 of 3rd period - Shot Misses the Net.
1:03 of 3rd period - Shot by Ivan Barbashev.
1:03 of 3rd period - Stopped by Andrei Vasilevskiy with a rebound.
1:07 of 3rd period - Shot by Blake Comeau.
1:07 of 3rd period - Stopped by Andrei Vasilevskiy with a rebound.
1:29 of 3rd period - Filip Hronek is hit by Kyle Connor and loses puck.
1:45 of 3rd period - Icing by Kyle Connor.
1:46 of 3rd period - Casey Mittelstadt wins face-off versus John Tavares in MINNESOTA zone.
2:47 of 3rd period - Shot by William Nylander.
2:47 of 3rd period - Stopped by Andrei Vasilevskiy without a rebound.
2:48 of 3rd period - Tomas Hertl wins face-off versus Alexandre Texier in MINNESOTA zone.
2:55 of 3rd period - Shot by Zach Hyman.
2:55 of 3rd period - Shot Misses the Net.
3:09 of 3rd period - Shot by Tomas Hertl.
3:09 of 3rd period - Shot Blocked by Reilly Smith.
3:11 of 3rd period - Shot by Niklas Hjalmarsson.
3:11 of 3rd period - Stopped by Thatcher Demko without a rebound.
3:12 of 3rd period - Ivan Barbashev wins face-off versus Colin White in BOSTON zone.
3:39 of 3rd period - Ivan Barbashev is hit by Colin White and loses puck.
4:33 of 3rd period - Shot by Zach Hyman.
4:33 of 3rd period - Deflect By Tomas Hertl.
4:33 of 3rd period - Stopped by Thatcher Demko without a rebound.
4:34 of 3rd period - Johan Larsson wins face-off versus Casey Mittelstadt in BOSTON zone.
4:34 of 3rd period - Johan Larsson is hit by Alec Martinez.
4:41 of 3rd period - Icing by Filip Hronek.
4:42 of 3rd period - Johan Larsson wins face-off versus Casey Mittelstadt in BOSTON zone.
5:07 of 3rd period - Shot by Miles Wood.
5:07 of 3rd period - Stopped by Andrei Vasilevskiy without a rebound.
5:08 of 3rd period - Tomas Hertl wins face-off versus Kevin Fiala in MINNESOTA zone.
5:25 of 3rd period - Shot by Kevin Fiala.
5:25 of 3rd period - Shot Misses the Net.
5:41 of 3rd period - Shot by Mats Zuccarello.
5:41 of 3rd period - Deflect By Tomas Hertl.
5:41 of 3rd period - Stopped by Thatcher Demko without a rebound.
5:42 of 3rd period - John Tavares wins face-off versus Ivan Barbashev in BOSTON zone.
5:47 of 3rd period - Shot by Nikita Kucherov.
5:47 of 3rd period - Stopped by Thatcher Demko without a rebound.
5:48 of 3rd period - John Tavares wins face-off versus Ivan Barbashev in BOSTON zone.
6:17 of 3rd period - John Tavares is hit by Ivan Barbashev and loses puck.
6:43 of 3rd period - Icing by Erik Karlsson.
6:44 of 3rd period - Tomas Hertl wins face-off versus William Nylander in MINNESOTA zone.
7:25 of 3rd period - Shot by Reilly Smith.
7:25 of 3rd period - Deflect By Kevin Fiala.
7:25 of 3rd period - Stopped by Andrei Vasilevskiy without a rebound.
7:26 of 3rd period - Colin White wins face-off versus Casey Mittelstadt in MINNESOTA zone.
7:34 of 3rd period - Off-side.
7:35 of 3rd period - Casey Mittelstadt wins face-off versus John Tavares in neutral zone.
8:14 of 3rd period - Shot by Casey Mittelstadt.
8:14 of 3rd period - Shot Misses the Net.
9:13 of 3rd period - Shot by Tomas Hertl.
9:13 of 3rd period - Shot Misses the Net.
9:38 of 3rd period - Shot by Kevin Fiala.
9:38 of 3rd period - Shot Blocked by Niklas Hjalmarsson.
9:46 of 3rd period - Shot by Reilly Smith.
9:46 of 3rd period - Stopped by Andrei Vasilevskiy with a rebound.
9:48 of 3rd period - Shot by Reilly Smith.
9:48 of 3rd period - Stopped by Andrei Vasilevskiy with a rebound.
9:57 of 3rd period - Kevin Fiala is hit by Niklas Hjalmarsson and loses puck.
10:01 of 3rd period - Reilly Smith is hit by Oliver Ekman-Larsson and loses puck.
10:31 of 3rd period - Shot by Miles Wood.
10:31 of 3rd period - Stopped by Andrei Vasilevskiy without a rebound.
10:32 of 3rd period - Alexandre Texier wins face-off versus John Tavares in MINNESOTA zone.
11:16 of 3rd period - Minor Penalty to Nikita Kucherov for Tripping.
11:17 of 3rd period - Johan Larsson wins face-off versus Ivan Barbashev in MINNESOTA zone.
11:17 of 3rd period - Johan Larsson is hit by Ilya Kovalchuk.
11:40 of 3rd period - Icing by Blake Comeau.
11:41 of 3rd period - Ivan Barbashev wins face-off versus Johan Larsson in BOSTON zone.
11:41 of 3rd period - Ivan Barbashev is hit by Matt Calvert.
11:54 of 3rd period - Icing by Miro Heiskanen.
11:55 of 3rd period - Ilya Kovalchuk wins face-off versus Johan Larsson in BOSTON zone.
11:55 of 3rd period - Ilya Kovalchuk is hit by Matt Calvert.
12:10 of 3rd period - Icing by Ivan Barbashev.
12:11 of 3rd period - Ivan Barbashev wins face-off versus Matt Calvert in BOSTON zone.
12:16 of 3rd period - Shot by Miro Heiskanen.
12:16 of 3rd period - Stopped by Andrei Vasilevskiy with a rebound.
12:29 of 3rd period - Icing by William Nylander.
12:30 of 3rd period - William Nylander wins face-off versus Tomas Hertl in BOSTON zone.
13:19 of 3rd period - Nikita Kucherov is hit by Andrew Mangiapane.
14:17 of 3rd period - Icing by Philippe Myers.
14:18 of 3rd period - Tomas Hertl wins face-off versus Casey Mittelstadt in BOSTON zone.
16:05 of 3rd period - Icing by Alec Martinez.
16:06 of 3rd period - John Tavares wins face-off versus William Nylander in BOSTON zone.
17:21 of 3rd period - Icing by Blake Comeau.
17:22 of 3rd period - Ivan Barbashev wins face-off versus Tomas Hertl in BOSTON zone.
17:22 of 3rd period - Ivan Barbashev is hit by Tomas Hertl.
19:18 of 3rd period - Reilly Smith is hit by Nikita Kucherov and loses puck.
19:35 of 3rd period - Shot by Nikita Kucherov.
19:35 of 3rd period - Shot Misses the Net.
19:46 of 3rd period - Off-side.
19:47 of 3rd period - Ivan Barbashev wins face-off versus Tomas Hertl in neutral zone.
Goals for this period are 0 for MINNESOTA vs 0 for BOSTON.
Shots for this period are 4 for MINNESOTA vs 9 for BOSTON.